 Dungeon Sprint DCSS version 0.21.1-1-g345015f (webtiles) character file.

2839 Anonimus the Blocker (level 9, -7/78 HPs)
             Began as a Gnoll Fighter on Apr 9, 2018.
             Was an Elder of Okawaru.
             Mangled by a blink frog (14 damage)
             ... in the Dungeon (Sprint IX: "|||||||||||||||||||||||||||||").
             The game lasted 00:02:05 (872 turns).

Anonimus the Blocker (Gnoll Fighter)                 Turns: 872, Time: 00:02:05

Health: -7/78      AC: 12    Str: 19    XL:     9   Next: 74%
Magic:  18/18      EV: 15    Int: 14    God:    Okawaru [****..]
Gold:   26         SH: 12    Dex: 17    Spells: 23/23 levels left

rFire    . . .     SeeInvis .   s - +3 war axe (freeze)
rCold    . . .     Gourm    .   c - +0 shield
rNeg     . . .     Faith    .   t - +2 ring mail
rPois    .         Spirit   .   (no helmet)
rElec    .         Reflect  .   (no cloak)
rCorr    .         Harm     .   a - +0 pair of gloves
MR       +....     NoTele   +   (no boots)
Stlth    +++.......             (no amulet)
HPRegen  0.23/turn              u - +2 ring of protection
MPRegen  0.16/turn              v - +3 ring of intelligence

@: slowed, very slow
A: distributed training, fangs 1, blink, low mp 1, magic resistance 1, strong
nose
a: Blink, Heroism, Renounce Religion


You were in the Dungeon.
You worshipped Okawaru.
Okawaru was greatly pleased with you.
You were not hungry.

You visited 1 branch You collected 26 gold pieces.

Inventory:

Hand Weapons
 q - a +2 morningstar of protection
 r - a +2 scimitar of slicing
 s - a +3 war axe of freezing (weapon)
Missiles
 w - 3 exploding tomahawks (quivered)
Armour
 a - a +0 pair of gloves (worn)
 b - a +0 scale mail
 c - a +0 shield (worn)
 t - a +2 ring mail (worn)
Jewellery
 u - a +2 ring of protection (left hand)
 v - a +3 ring of intelligence (right hand)
Wands
 p - a wand of acid (6)
Scrolls
 k - 3 scrolls of blinking
 n - 3 scrolls of remove curse
 o - 2 scrolls of amnesia
 y - a scroll of identify
 z - a scroll of fog
 A - 2 scrolls of enchant weapon
 B - 2 scrolls of enchant armour
 C - a scroll of fear
Potions
 d - a potion of might
 e - 4 potions of curing
 g - 7 potions of heal wounds
 h - a potion of haste
 i - 4 potions of magic
 j - a potion of berserk rage
 l - a potion of brilliance
 m - a potion of invisibility
 x - a potion of mutation
Comestibles
 f - a ration


   Skills:
 + Level 10.2 Fighting
 + Level 7.9 Short Blades
 + Level 7.9 Long Blades
 + Level 9.2 Axes
 + Level 7.9 Maces & Flails
 + Level 7.9 Polearms
 + Level 7.9 Staves
 + Level 7.9 Slings
 + Level 7.9 Bows
 + Level 7.9 Crossbows
 + Level 7.9 Throwing
 + Level 10.2 Armour
 + Level 7.9 Dodging
 + Level 7.9 Stealth
 + Level 10.2 Shields
 + Level 7.9 Unarmed Combat
 + Level 7.9 Spellcasting
 + Level 6.6 Conjurations
 + Level 6.6 Hexes
 + Level 6.6 Charms
 + Level 6.6 Summonings
 + Level 6.6 Necromancy
 + Level 6.6 Translocations
 + Level 6.6 Transmutations
 + Level 6.6 Fire Magic
 + Level 6.6 Ice Magic
 + Level 6.6 Air Magic
 + Level 6.6 Earth Magic
 + Level 6.6 Poison Magic
 + Level 8.7 Invocations
 + Level 7.9 Evocations


You had 23 spell levels left.
You didn't know any spells.

Dungeon Overview and Level Annotations

Branches:
Dungeon (1/1)

Altars:
Cheibriados
Dithmenos
Elyvilon
Fedhas
Gozag
Hepliaklqana
Kikubaaqudgha
Makhleb
Nemelex Xobeh
Okawaru
Qazlal
Ru
Sif Muna
Trog
Uskayaw
Vehumet
Wu Jian
Xom
Yredelemnul
Zin
The Shining One
Beogh
Jiyva
Lugonu


Innate Abilities, Weirdness & Mutations

Your experience applies equally to all skills.
You have very sharp teeth.
Your uncanny sense of smell can sniff out nearby items.
You can translocate small distances at will.
Your magical capacity is low. (-10% MP)
You are resistant to hostile enchantments. (MR+)


Message History

The blink frog hits you.
* * * LOW HITPOINT WARNING * * *
The water moccasin barely misses you.
You miss the water moccasin.
The water moccasin is severely wounded.
You barely miss the blink frog.
The water moccasin bites you but does no damage.
The blink frog blinks!
You block the blink frog's attack. The water moccasin closely misses you.
Unknown command.
Unknown command.
You miss the water moccasin.
The water moccasin is severely wounded.
You barely miss the blink frog.
The blink frog is no longer moving slowly.
You block the water moccasin's attack. The blink frog barely misses you.
The water moccasin bites you.
* * * LOW HITPOINT WARNING * * *
The blink frog blinks!
The blink frog hits you!
You die...

▓▓▓▓▓▓▓▓▓▓▓▓▓▓▓▓▓▓▓▓▓▓▓▓▓▓▓▓▓▓▓▓▓
____________________'....)†.....)
▓▓▓▓▓▓▓▓▓▓▓▓▓▓▓▓▓▓▓▓▓▓▓▓▓▓▓▓▓▓▓▓▓
.................................
▓▓▓▓▓▓▓▓▓▓▓▓▓▓▓▓▓▓▓▓▓▓▓▓▓▓▓▓▓▓▓▓▓
...FFwS@F...........'...
▓▓▓▓▓▓▓▓▓▓▓▓▓▓▓▓▓▓▓▓▓▓▓▓
∆∆∆∆∆∆∆∆∆ ∆∆∆∆∆∆∆∆∆∆∆∆∆


You could see a torpor snail, 3 blink frogs and a water moccasin.

Vanquished Creatures
  2 two-headed ogres (D)
  A spiny frog (D)
  A komodo dragon (D)
  A meliai (D)
  A hippogriff (D)
  A water moccasin (D)
  A black bear (D)
  A porcupine (D)
  A bullfrog (D)
  A scorpion (D)
  2 killer bees (D)
  A hound (D)
  An orc wizard (D)
  An adder (D)
  2 leopard geckos (D)
  An orc (D)
  A bat (D)
  A bat skeleton (D)
  A bat zombie (D)
  2 goblins (D)
  A kobold (D)
  A frilled lizard (D)
26 creatures vanquished.

Notes
Turn   | Place    | Note
-------+----------+-------------------------------------------
     0 | D        | Anonimus the Gnoll Fighter began the quest for the Orb.
     0 | D        | Reached XP level 1. HP: 23/23 MP: 1/1
    14 | D        | Reached skill level 1 in Invocations
    21 | D        | Reached skill level 1 in Short Blades
    21 | D        | Reached skill level 1 in Long Blades
    21 | D        | Reached skill level 1 in Maces & Flails
    21 | D        | Reached skill level 1 in Polearms
    21 | D        | Reached skill level 1 in Staves
    21 | D        | Reached skill level 1 in Slings
    21 | D        | Reached skill level 1 in Bows
    21 | D        | Reached skill level 1 in Crossbows
    21 | D        | Reached skill level 1 in Throwing
    21 | D        | Reached skill level 1 in Dodging
    21 | D        | Reached skill level 1 in Stealth
    21 | D        | Reached skill level 1 in Unarmed Combat
    21 | D        | Reached skill level 1 in Spellcasting
    21 | D        | Reached skill level 1 in Evocations
    28 | D        | Noticed an orc wizard
    28 | D        | Noticed a scorpion
    30 | D        | Reached XP level 2. HP: 29/29 MP: 3/3
    34 | D        | Reached skill level 1 in Conjurations
    34 | D        | Reached skill level 1 in Hexes
    34 | D        | Reached skill level 1 in Charms
    34 | D        | Reached skill level 1 in Summonings
    34 | D        | Reached skill level 1 in Necromancy
    34 | D        | Reached skill level 1 in Translocations
    34 | D        | Reached skill level 1 in Transmutations
    34 | D        | Reached skill level 1 in Fire Magic
    34 | D        | Reached skill level 1 in Ice Magic
    34 | D        | Reached skill level 1 in Air Magic
    34 | D        | Reached skill level 1 in Earth Magic
    34 | D        | Reached skill level 1 in Poison Magic
    40 | D        | Killed a scorpion
    40 | D        | Reached skill level 5 in Axes
    40 | D        | Reached XP level 3. HP: 27/36 MP: 3/6
    40 | D        | Reached XP level 4. HP: 32/43 MP: 3/7
    58 | D        | Found a roughly hewn altar of Beogh.
    58 | D        | Found a snail-covered altar of Cheibriados.
    58 | D        | Found a shadowy altar of Dithmenos.
    58 | D        | Found a white marble altar of Elyvilon.
    58 | D        | Found a blossoming altar of Fedhas.
    58 | D        | Found an opulent altar of Gozag.
    59 | D        | Found a hazy altar of Hepliaklqana.
    60 | D        | Found a viscous altar of Jiyva.
    61 | D        | Found an ancient bone altar of Kikubaaqudgha.
    62 | D        | Found a corrupted altar of Lugonu.
    63 | D        | Found a burning altar of Makhleb.
    64 | D        | Found a sparkling altar of Nemelex Xobeh.
    65 | D        | Found an iron altar of Okawaru.
    66 | D        | Found a stormy altar of Qazlal.
    67 | D        | Found a sacrificial altar of Ru.
    68 | D        | Found a deep blue altar of Sif Muna.
    69 | D        | Found a bloodstained altar of Trog.
    70 | D        | Found a hide-covered altar of Uskayaw.
    71 | D        | Found a radiant altar of Vehumet.
    72 | D        | Found an ornate altar of the Wu Jian Council.
    73 | D        | Became a worshipper of Warmaster Okawaru
    74 | D        | Found a shimmering altar of Xom.
    75 | D        | Found a basalt altar of Yredelemnul.
    76 | D        | Found a glowing silver altar of Zin.
    77 | D        | Found a glowing golden altar of the Shining One.
   223 | D        | Noticed a water moccasin
   223 | D        | Noticed a bullfrog
   236 | D        | Reached XP level 5. HP: 18/48 MP: 9/9
   243 | D        | Killed a water moccasin
   243 | D        | Reached * piety under Okawaru
   243 | D        | Reached XP level 6. HP: 19/56 MP: 9/12
   246 | D        | Reached skill level 5 in Invocations
   451 | D        | Noticed a two-headed ogre
   451 | D        | Noticed a two-headed ogre
   451 | D        | Noticed a black bear
   451 | D        | Noticed a meliai
   464 | D        | Killed a meliai
   464 | D        | Reached ** piety under Okawaru
   464 | D        | Reached skill level 5 in Short Blades
   464 | D        | Reached skill level 5 in Long Blades
   464 | D        | Reached skill level 5 in Maces & Flails
   464 | D        | Reached skill level 5 in Polearms
   464 | D        | Reached skill level 5 in Staves
   464 | D        | Reached skill level 5 in Slings
   464 | D        | Reached skill level 5 in Bows
   464 | D        | Reached skill level 5 in Crossbows
   464 | D        | Reached skill level 5 in Throwing
   464 | D        | Reached skill level 5 in Dodging
   464 | D        | Reached skill level 5 in Stealth
   464 | D        | Reached skill level 5 in Unarmed Combat
   464 | D        | Reached skill level 5 in Spellcasting
   464 | D        | Reached skill level 5 in Evocations
   464 | D        | Reached XP level 7. HP: 18/63 MP: 13/15
   470 | D        | Killed a two-headed ogre
   470 | D        | Reached *** piety under Okawaru
   470 | D        | Reached **** piety under Okawaru
   470 | D        | Reached skill level 5 in Conjurations
   470 | D        | Reached skill level 5 in Hexes
   470 | D        | Reached skill level 5 in Charms
   470 | D        | Reached skill level 5 in Summonings
   470 | D        | Reached skill level 5 in Necromancy
   470 | D        | Reached skill level 5 in Translocations
   470 | D        | Reached skill level 5 in Transmutations
   470 | D        | Reached skill level 5 in Fire Magic
   470 | D        | Reached skill level 5 in Ice Magic
   470 | D        | Reached skill level 5 in Air Magic
   470 | D        | Reached skill level 5 in Earth Magic
   470 | D        | Reached skill level 5 in Poison Magic
   470 | D        | Reached XP level 8. HP: 14/71 MP: 13/17
   472 | D        | Killed a two-headed ogre
   472 | D        | Received a gift from Okawaru
   472 | D        | Reached XP level 9. HP: 16/78 MP: 14/19
   831 | D        | Gained mutation: Your magical capacity is low. (-10% MP) [potion of mutation]
   831 | D        | Gained mutation: You can translocate small distances at will. [potion of mutation]
   831 | D        | Gained mutation: You are resistant to hostile enchantments. (MR+) [potion of mutation]
   850 | D        | Noticed a spiny frog
   850 | D        | Noticed a komodo dragon
   855 | D        | Killed a komodo dragon
   855 | D        | Reached skill level 10 in Fighting
   855 | D        | Reached skill level 10 in Armour
   855 | D        | Reached skill level 10 in Shields
   862 | D        | Killed a spiny frog
   866 | D        | Noticed a torpor snail
   872 | D        | Mangled by a blink frog

Skill      XL: |  1  2  3  4  5  6  7  8  9 |
---------------+----------------------------+-----
Invocations    | 1 2 3 4 5 7 8 |  8.7
Short Blades   | 1 2 3 4 5 6 7 |  7.9
Long Blades    | 1 2 3 4 5 6 7 |  7.9
Maces & Flails | 1 2 3 4 5 6 7 |  7.9
Polearms       | 1 2 3 4 5 6 7 |  7.9
Staves         | 1 2 3 4 5 6 7 |  7.9
Slings         | 1 2 3 4 5 6 7 |  7.9
Bows           | 1 2 3 4 5 6 7 |  7.9
Crossbows      | 1 2 3 4 5 6 7 |  7.9
Throwing       | 1 2 3 4 5 6 7 |  7.9
Dodging        | 1 2 3 4 5 6 7 |  7.9
Stealth        | 1 2 3 4 5 6 7 |  7.9
Unarmed Combat | 1 2 3 4 5 6 7 |  7.9
Spellcasting   | 1 2 3 4 5 6 7 |  7.9
Evocations     | 1 2 3 4 5 6 7 |  7.9
Conjurations   | 2 3 4 5 6 |  6.6
Hexes          | 2 3 4 5 6 |  6.6
Charms         | 2 3 4 5 6 |  6.6
Summonings     | 2 3 4 5 6 |  6.6
Necromancy     | 2 3 4 5 6 |  6.6
Translocations | 2 3 4 5 6 |  6.6
Transmutations | 2 3 4 5 6 |  6.6
Fire Magic     | 2 3 4 5 6 |  6.6
Ice Magic      | 2 3 4 5 6 |  6.6
Air Magic      | 2 3 4 5 6 |  6.6
Earth Magic    | 2 3 4 5 6 |  6.6
Poison Magic   | 2 3 4 5 6 |  6.6
Fighting       | 7 8 9 10 | 10.2
Axes           | 5 6 7 8 9 |  9.2
Armour         | 7 8 9 10 | 10.2
Shields        | 7 8 9 10 | 10.2

Action                   |  1- 3 |  4- 6 |  7- 9 || total
-------------------------+-------+-------+-------++-------
Melee: War axe           |    30 |    37 |    27 ||    94
       Bite              |     3 |     6 |     3 ||    12
Evoke: Wand              |       |     2 |     2 ||     4
  Use: Potion            |       |     1 |     3 ||     4
Armor: Scale mail        |    15 |     2 |       ||    17
       Ring mail         |       |    13 |     8 ||    21
Dodge: Dodged            |    12 |    21 |    18 ||    51
Block: Shield            |    14 |    36 |    22 ||    72
